 Dungeon Crawl Stone Soup version 0.30-a0-354-g6b83867211 (webtiles) character file.

Game seed: 5419394723101344557

61 HoaS the Shooter (level 4, -1/26 HPs)
             Began as a Kobold Hunter on Nov 7, 2022.
             Succumbed to an adder's poison
             ... on level 2 of the Dungeon.
             The game lasted 00:03:07 (1232 turns).

HoaS the Shooter (Kobold Hunter)                    Turns: 1232, Time: 00:03:08

Health: -1/26      AC:  4    Str:  8    XL:     4   Next: 27%
Magic:  4/4        EV: 14    Int: 10    God:
Gold:   46         SH:  0    Dex: 20    Spells: 3/3 levels left

rFire   + . .      SeeInvis .    a - +0 shortbow
rCold   . . .      Faith    .    (shield currently unavailable)
rNeg    . . .      Spirit   .    c - +0 leather armour
rPois   .          Reflect  .    (no helmet)
rElec   .          Harm     .    k - +0 cloak
rCorr   .          Rampage  .    (no gloves)
Will    .....                    (no boots)
Stlth   +++.......               (no amulet)
HPRegen 0.24/turn                d - ring of protection from fire
MPRegen 0.09/turn                f - ring of flight

@: lethally poisoned (-1 -> -9), flying
A: small, no large weapons, nightstalker 3
a: no special abilities


You were on level 2 of the Dungeon.
You visited 1 branch of the dungeon, and saw 2 of its levels.

You collected 46 gold pieces.

Inventory:

Hand Weapons
 a - a +0 shortbow (weapon)
Armour
 c - a +0 leather armour (worn)
 k - a +0 cloak (worn)
Jewellery
 d - a ring of protection from fire (left hand)
 e - a ring of see invisible
 f - a ring of flight (right hand)
Scrolls
 b - a scroll of immolation
 g - 2 scrolls of teleportation
Potions
 h - 2 potions of haste
 i - 2 potions of mutation


   Skills:
 - Level 2.1 Fighting
 + Level 7.3 Ranged Weapons
 - Level 2.4 Dodging
 - Level 1.3 Stealth


You had 3 spell levels left.
You didn't know any spells.
Your spell library was empty.

Dungeon Overview and Level Annotations

Branches:
Dungeon (2/15)

Altars:

Shops:
D:2 ?(:=


Innate Abilities, Weirdness & Mutations

You are small and have problems with some larger weapons.
You are completely attuned to the shadows.


Message History

The arrow hits the adder.
The adder is moderately wounded.
You shoot an arrow. The arrow barely misses the adder.
The adder bites you but does no damage.
You shoot an arrow. The arrow hits the adder.
The adder is moderately wounded.
The adder bites you.
You are poisoned.
The adder poisons you!
You shoot an arrow. The arrow hits the adder.
The adder is heavily wounded.
You feel sick. The adder bites you. x2
You are more poisoned.
The adder poisons you!
You shoot an arrow. The arrow completely misses the adder.
You feel very sick. The adder bites you but does no damage.
The adder bites you.
You are more poisoned.
The adder poisons you!
You shoot an arrow. The arrow misses the adder.
You feel very sick. The adder barely misses you.
You are too injured to fight recklessly!
You shoot an arrow. The arrow barely misses the adder.
You feel very sick. The adder closely misses you.
The adder bites you but does no damage.
You shoot an arrow. The arrow hits the adder.
The adder is heavily wounded.
* * * LOW HITPOINT WARNING * * *
You feel sick. The adder bites you.
* * * LOW HITPOINT WARNING * * *
You are more poisoned.
The adder poisons you!
You shoot an arrow. The arrow hits the adder.
The adder is heavily wounded.
* * * LOW HITPOINT WARNING * * *
You feel sick. The adder bites you but does no damage. The adder misses you.
You shoot an arrow. The arrow hits the adder!
You kill the adder!
You die...

............# .##########.# .#
#...<#.# .# #.##.#.# .# #.#..#.#
.# #.#..#.# .# #.#..#.# ## .#
#.#..#.######... ##
#....†.....@'... #.##.#.######...
##.#..#.# .? #####..####.# #
....#.......#######
......####........##########
....>....'.......)†.....)..######
....######......<.########.......
##### #........# ####....


There were no monsters in sight!

Vanquished Creatures
  Natasha (D:2)
  2 adders (D:2)
  A worm (D:2)
  A dart slug (D:1)
  4 ball pythons
  4 endoplasms
  2 giant cockroaches
  A hobgoblin (D:1)
  2 quokkas (D:1)
  A bat (D:2)
  2 frilled lizards
  A goblin (D:1)
  3 rats
25 creatures vanquished.

Vanquished Creatures (others)
  A plant (D:2)
1 creature vanquished.

Grand Total: 26 creatures vanquished

Notes
Turn   | Place    | Note
-------+----------+-------------------------------------------
     0 | D:1      | HoaS the Kobold Hunter began the quest for the Orb.
     0 | D:1      | Reached XP level 1. HP: 12/12 MP: 1/1
   160 | D:1      | Reached XP level 2. HP: 17/17 MP: 2/2
   172 | D:1      | Reached skill level 6 in Ranged Weapons
   298 | D:1      | Found a faded altar of an unknown god.
   827 | D:2      | Found Ziogiffu's Book Boutique.
   845 | D:2      | Found Hoej's Jewellery Boutique.
   966 | D:2      | Reached XP level 3. HP: 19/21 MP: 3/3
   983 | D:2      | Found Erycweab's Weapon Shop.
   991 | D:2      | Found Naoplaez's Magic Scroll Shoppe.
  1031 | D:2      | Noticed Natasha
  1038 | D:2      | Killed Natasha
  1039 | D:2      | Reached skill level 7 in Ranged Weapons
  1039 | D:2      | Reached XP level 4. HP: 14/26 MP: 4/4
  1231 | D:2      | HP: 1/26 [poisoned by an adder]
  1232 | D:2      | Succumbed to an adder's poison

Illustrated notes

Levels and vault maps discovered:
D:1:      heliophobic_arrival_ceremonial_halls, layout_basic,
          ebering_ecumenical_altar_ruins, minmay_strange_pillars
D:2:      cheibrodos_old_hovel, layout_basic, serial_shops, shop, shop, shop,
          shop, uniq_natasha

Skill      XL: |  1  2  3 |
---------------+----------+-----
Ranged Weapons | 6 7 |  7.3
Fighting       | |  2.1
Dodging        | |  2.4
Stealth        | |  1.3

Action                   |  1- 3 |  4- 6 || total
-------------------------+-------+-------++-------
 Fire: Shortbow          |    51 |    31 ||    82
  Use: Scroll            |     4 |     2 ||     6
Armor: Leather armour    |       |    10 ||    10
Dodge: Dodged            |    11 |    14 ||    25

Table legend: (Time is in decaauts)
 A = Elapsed time spent in this place.
 B = Non-inter-level travel time spent in this place.
 C = Inter-level travel time spent in this place.
 D = Time resting spent in this place.
 E = Time spent auto-exploring this place.
 F = Levels seen in this place.
 G = Mean time per level.
                   A        B        C        D        E       F      G
               +--------+--------+--------+--------+--------+-----+--------+
         Total |   1247 |   1223 |     24 |     46 |    994 |   2 |  623.5 |
       Dungeon |   1247 |   1223 |     24 |     46 |    994 |   2 |  623.5 |
               +--------+--------+--------+--------+--------+-----+--------+

Top non-repeatable levels by time:
     D:1: 793 daAuts
     D:2: 454 daAuts
